 Dungeon Crawl Stone Soup version 0.26.1-11-gd32895ea62 (webtiles) character file.

Game seed: 6589455709192866191

5457 Almogavar the Geomancer (level 10, -11/58 HPs)
             Began as a Gargoyle Earth Elementalist on May 7, 2021.
             Was a Priest of Sif Muna.
             Mangled by a phantasmal warrior (23 damage)
             ... led by a death knight
             ... on level 8 of the Dungeon.
             The game lasted 00:43:03 (11316 turns).

Almogavar the Geomancer (GrEE)                     Turns: 11316, Time: 00:43:04

Health: -11/58     AC: 12    Str: 13    XL:     10   Next: 68%
Magic:  13/21      EV: 12    Int: 24    God:    Sif Muna [***...]
Gold:   452        SH:  5    Dex: 10    Spells: 13/24 levels left

rFire    + . .     SeeInvis .   H - +2 mace (holy)
rCold    . . .     Faith    .   (no shield)
rNeg     + . .     Spirit   .   y - +1 leather armour {Will+}
rPois    ∞         Reflect  +   (no helmet)
rElec    +         Harm     .   l - +0 cloak {Stlth+}
rCorr    .         Rampage  .   (no gloves)
Will     +....                  (no boots)
Stlth    ++........             n - amulet of reflection
HPRegen  0.19/turn              i - +6 ring of intelligence
MPRegen  0.17/turn              x - ring of protection from fire

@: no status effects
A: negative energy resistance 1, electricity resistance, unbreathing,
petrification resistance, miasma immunity, AC +7
a: Renounce Religion, Channel Magic, Forget Spell


You were on level 8 of the Dungeon.
You worshipped Sif Muna.
Sif Muna was most pleased with you.
You visited 2 branches of the dungeon, and saw 9 of its levels.
You also visited: Ossuary.

You collected 494 gold pieces.
You spent 42 gold pieces at shops.

Inventory:

Hand Weapons
 g - a +5 flail
 H - a +2 mace of holy wrath (weapon)
Missiles
 b - 135 stones
Armour
 e - a +4 chain mail
 l - a +0 cloak of stealth (worn)
 t - a +2 kite shield
 u - a +0 ring mail
 y - a +1 leather armour of willpower (worn)
Jewellery
 i - a +6 ring of intelligence (left hand)
 k - an uncursed amulet of guardian spirit
 n - an amulet of reflection (around neck)
 r - an uncursed ring of flight
 v - an uncursed ring of resist corrosion
 x - a ring of protection from fire (right hand)
Wands
 z - a wand of paralysis (17)
 F - a wand of iceblast (9)
 J - a wand of acid (5)
 K - a wand of flame (10)
Scrolls
 f - a scroll of blinking
 o - 4 scrolls of remove curse
 A - 3 scrolls of fear
 C - a scroll of enchant weapon
 E - a scroll of magic mapping {unknown}
 G - 2 scrolls of teleportation {unknown}
 I - a scroll of immolation {unknown}
 L - 2 scrolls of fog {unknown}
Potions
 a - 2 potions of flight
 c - 3 potions of haste
 d - 2 potions of invisibility
 h - a potion of lignification
 m - 3 potions of curing
 p - 2 potions of might
 q - 3 potions of attraction {unknown}
 s - 3 potions of degeneration {unknown}
 w - 5 potions of brilliance {unknown}
 B - 2 potions of mutation {unknown}
 D - 2 potions of resistance {unknown}


   Skills:
 + Level 4.6 Fighting
 + Level 8.1 Maces & Flails
 + Level 3.2 Armour
 - Level 2.2 Dodging
 + Level 4.9 Stealth
 + Level 3.7 Shields
 + Level 0.2 Unarmed Combat
 + Level 7.8 Spellcasting
 + Level 0.2 Conjurations
 + Level 0.7 Transmutations
 + Level 9.0 Earth Magic
 + Level 0.1 Evocations


You had 13 spell levels left.
You knew the following spells:

 Your Spells              Type           Power        Failure   Level
a - Sandblast             Erth           100%         1%          1
b - Passwall              Tmut/Erth      26%          1%          2
c - Stone Arrow           Conj/Erth      62%          3%          3
d - Lee's Rapid Deconstr  Erth           25%          6%          5

Your spell library contained the following spells:

 Spells                   Type           Power        Failure   Level
 Magic Dart               Conj           40%          8%          1
 Animate Skeleton         Necr           18%          9%          1
 Apportation              Tloc           18%          9%          1
 Corona                   Hex            10%          9%          1
 Summon Small Mammal      Summ           36%          9%          1
 Searing Ray              Conj           20%          12%         2
 Petrify                  Tmut/Erth      32%          12%         4
 Dazzling Flash           Conj/Hex       20%          24%         3
 Fulminant Prism          Conj/Hex       5%           61%         4
 Iskenderun's Mystic Bla  Conj/Tloc      10%          61%         4


Dungeon Overview and Level Annotations

Branches:
Dungeon (8/15)             Temple (1/1) D:4         Ossuary (visited)
   Lair: D:8-11

Altars:
Ashenzari
Cheibriados
Dithmenos
Elyvilon
Fedhas
Gozag
Hepliaklqana
Kikubaaqudgha
Makhleb
Nemelex Xobeh
Okawaru
Qazlal
Ru
Sif Muna
Trog
Uskayaw
Wu Jian
Xom
Yredelemnul
Zin
The Shining One

Shops:
D:6 (   D:8 ![(


Innate Abilities, Weirdness & Mutations

You are resistant to torment.
Your stone body is resilient. (AC +7)
You are immune to poison.
You resist negative energy. (rN+)
You are resistant to electric shocks. (rElec)
You can survive without breathing.
You are immune to petrification.
You are immune to miasma.


Message History

You hit the phantasmal warrior but do no damage.
The phantasmal warrior is heavily damaged.
The phantasmal warrior hits you but does no damage.
Unknown command.
You closely miss the phantasmal warrior.
The phantasmal warrior is heavily damaged.
The phantasmal warrior hits you!!
* * * LOW HITPOINT WARNING * * *
Unknown command.
Casting: Sandblast (safe; 1% risk of failure)
Confirm with . or Enter, or press ? or * to list all spells.
Aiming: Sandblast (safe; 1% risk of failure)
Press: ? - help, Shift-Dir - straight line, f/p - phantasmal warrior
Aim: a phantasmal warrior (heavily damaged, 16% to evade)
The blast of sand hits the phantasmal warrior but does no damage.
The phantasmal warrior is heavily damaged.
The phantasmal warrior hits you!
* * * LOW HITPOINT WARNING * * *
You feel better. The phantasmal warrior hits you!!
You die...

......########....### #.[###(...#
#####....#.([.....(.###O###.....#
####...#######......###.#....
#.)............[..##†#..(#
######.####.##.........##.#####
#...[..###..#####o##...........
#.######...## #.####(.#.#....
#.#####..########.##...........
#.#...........@W.....#..#)#####
##.#.......#######.#####...####
##..#.......# #.######.....#
#..##...#+#.# #.......#....#
#.###...+∩'.# ##.........##...
#.# #####'#.# #..........# ...
#.# #...# #..........# .. ..#
##### #.........8# # †##
#..........##.#


You could see a phantasmal warrior.

Vanquished Creatures
  A two-headed ogre (D:7)
  Joseph (D:8)
  The ghost of kalagan the Conjurer, a novice DECj of Sif Muna (D:6)
  Grinder (D:3)
  A wraith (Ossuary)
  4 yaks (D:8)
  2 orc warriors
  A sky beast (D:5)
  4 ice beasts
  2 black bears
  A phantom (D:3)
  A centaur (D:8)
  2 ogres
  2 big kobolds
  5 bullfrogs
  4 scorpions
  6 killer bees
  3 wights (D:5)
  A howler monkey (D:5)
  A bullfrog zombie (D:6)
  4 orc priests
  4 hounds
  3 iguanas
  6 orc wizards
  6 worker ants
  Natasha (thrice) (D:3)
  A hound zombie (D:7)
  A hound skeleton (D:6)
  A mummy (Ossuary)
  2 worker ant zombies (D:6)
  14 adders
  2 shadow imps
  2 white imps (D:5)
  An ufetubus (D:8)
  5 worms
  5 dart slugs
  10 leopard geckos
  25 orcs
  5 ball pythons
  4 giant cockroaches
  10 goblins
  2 hobgoblins
  20 jackals
  5 quokkas
  9 bats
  5 frilled lizards
  4 gnoll skeletons (Ossuary)
  A jackal zombie (D:5)
  24 kobolds
  4 kobold skeletons (Ossuary)
  17 orc skeletons (Ossuary)
  4 rats
253 creatures vanquished.

Vanquished Creatures (others)
  A kobold (D:8)
1 creature vanquished.

Grand Total: 254 creatures vanquished

Notes
Turn   | Place    | Note
-------+----------+-------------------------------------------
     0 | D:1      | Almogavar the Gargoyle Earth Elementalist began the quest
                  | for the Orb.
     0 | D:1      | Reached XP level 1. HP: 10/10 MP: 3/3
   108 | D:1      | You fall into a shaft and drop 1 floor!
   119 | D:2      | Reached XP level 2. HP: 15/15 MP: 1/5
   184 | D:2      | Reached XP level 3. HP: 19/19 MP: 4/7
   271 | D:2      | Found a burning altar of Makhleb.
   417 | D:2      | Reached skill level 4 in Earth Magic
  1083 | D:2      | Found a blossoming altar of Fedhas.
  1085 | D:2      | Found a bloodstained altar of Trog.
  1093 | D:2      | Reached XP level 4. HP: 24/24 MP: 8/8
  1458 | D:3      | Noticed Natasha
  1460 | D:3      | Killed Natasha
  1466 | D:3      | Noticed Natasha
  1476 | D:3      | Killed Natasha
  1500 | D:3      | Noticed Natasha
  1506 | D:3      | Killed Natasha
  1507 | D:3      | Reached XP level 5. HP: 28/28 MP: 6/10
  1716 | D:3      | Learned a level 2 spell: Passwall
  1720 | D:3      | Learned a level 3 spell: Stone Arrow
  2117 | D:3      | Noticed Grinder
  2127 | D:3      | Killed Grinder
  2128 | D:3      | Reached skill level 1 in Fighting
  2128 | D:3      | Reached skill level 5 in Earth Magic
  2128 | D:3      | Reached XP level 6. HP: 34/34 MP: 4/12
  2206 | D:3      | Found a glowing silver altar of Zin.
  2548 | D:3      | Noticed a phantom
  2568 | D:3      | Killed a phantom
  2569 | D:3      | Reached XP level 7. HP: 35/38 MP: 8/13
  3563 | D:4      | Found a white marble altar of Elyvilon.
  3691 | D:4      | Found a staircase to the Ecumenical Temple.
  3697 | Temple   | Entered the Ecumenical Temple
  4112 | D:4      | Reached skill level 1 in Shields
  4427 | D:4      | Found an opulent altar of Gozag.
  4757 | D:4      | Reached skill level 1 in Armour
  5123 | D:4      | Found a snail-covered altar of Cheibriados.
  5192 | D:4      | Found a shadowy altar of Dithmenos.
  5377 | D:5      | Entered Level 5 of the Dungeon
  5377 | D:5      | Found a shimmering altar of Xom.
  5377 | D:5      | Found a shimmering altar of Xom.
  5377 | D:5      | Found a shimmering altar of Xom.
  5378 | D:5      | Found a shimmering altar of Xom.
  5378 | D:5      | Found a shimmering altar of Xom.
  5378 | D:5      | Found a shimmering altar of Xom.
  5517 | D:5      | Found a shimmering blue altar of Sif Muna.
  5519 | D:5      | Found an opulent altar of Gozag.
  5531 | D:5      | Became a worshipper of Sif Muna the Loreminder
  5614 | D:5      | Found a shimmering altar of Xom.
  5639 | D:5      | Found an ornate altar of the Wu Jian Council.
  5669 | D:5      | Reached XP level 8. HP: 35/44 MP: 12/14
  5839 | D:5      | Reached skill level 6 in Earth Magic
  6239 | D:5      | Found a sparkling altar of Nemelex Xobeh.
  6370 | D:6      | Found Veigu's Antique Weapon Shop.
  6442 | D:6      | Found a sand-covered staircase.
  6455 | Ossuary  | Entered an ossuary
  6455 | Ossuary  | Noticed a wraith
  6455 | Ossuary  | Noticed a wraith
  6455 | Ossuary  | Noticed a wraith
  6588 | Ossuary  | Noticed a wraith
  6618 | Ossuary  | Killed a wraith
  6618 | Ossuary  | Reached * piety under Sif Muna
  6849 | D:6      | Reached skill level 5 in Spellcasting
  6866 | D:6      | Found a runed translucent door.
  7202 | D:6      | Reached skill level 5 in Maces & Flails
  7271 | D:6      | Reached ** piety under Sif Muna
  7724 | D:6      | Noticed kalagan's ghost (novice DECj)
  7876 | D:6      | Killed kalagan's ghost
  7877 | D:6      | Reached XP level 9. HP: 27/52 MP: 8/17
  8104 | D:7      | Reached skill level 7 in Earth Magic
  9408 | D:8      | Reached *** piety under Sif Muna
  9411 | D:8      | Noticed Joseph
  9646 | D:8      | Killed Joseph
  9647 | D:8      | Reached skill level 8 in Earth Magic
  9647 | D:8      | Reached XP level 10. HP: 26/56 MP: 13/20
 10216 | D:8      | Noticed a two-headed ogre
 10246 | D:7      | Killed a two-headed ogre
 10667 | D:8      | Found Piep's Antique Weapon Shop.
 10678 | D:8      | Learned a level 5 spell: Lee's Rapid Deconstruction
 10804 | D:8      | Noticed a two-headed ogre
 11146 | D:8      | Reached skill level 9 in Earth Magic
 11148 | D:8      | Found Dootya's Distillery.
 11152 | D:8      | Bought a potion of curing for 42 gold pieces
 11281 | D:8      | Found Gocausod's Armour Shoppe.
 11290 | D:8      | Noticed a phantasmal warrior
 11316 | D:8      | Mangled by a phantasmal warrior

Illustrated notes

Levels and vault maps discovered:
D:1:      scummos_arrival_simple_fountains, layout_basic
D:2:      minmay_recursive_quarters, layout_basic, minitemple,
          nicolae_overflow_crystal_walls
D:3:      layout_basic, overflow_temple_1_default, minmay_ruptured,
          uniq_grinder, uniq_natasha
D:4:      layout_loops_ring, elyvilon_altar_5, kennysheep_little_box,
          lemuel_coloured_pillars_altar, minmay_temple_entry_glassed_door,
          grunt_gozag_breadcrumbs
D:5:      layout_rooms, general_overflow_altar, old_standard_altar,
          nicolae_overflow_hidden_temple, old_standard_altar, xom_redecorated
D:6:      layout_cave_pods, serial_rivers, chequers_serial_rivers_large_b,
          chequers_serial_rivers_small_3, chequers_serial_rivers_micro_c,
          chequers_serial_rivers_small_3, chequers_serial_rivers_micro_d,
          nicolae_ossuary_entry_ruins, ebering_ghost_sewer_d, serial_shops,
          shop, minmay_misc_feat_cross
D:7:      layout_basic
D:8:      layout_rooms, serial_shops, nicolae_shop_statue_plus,
          nicolae_shop_behind_doors, shop, uniq_joseph
Temple:   dpeg_chambers_temple

Skill      XL: |  1  2  3  4  5  6  7  8  9 10 |
---------------+-------------------------------+-----
Earth Magic    | 4 5 6 8 9 |  9.0
Spellcasting   | 3 4 5 6 7 |  7.8
Stealth        | 3 4 |  4.9
Fighting       | 1 2 3 4 |  4.6
Maces & Flails | 2 3 5 7 8 |  8.1
Dodging        | 2 |  2.2
Shields        | 1 2 3 |  3.7
Armour         | 1 2 3 |  3.2
Unarmed Combat | |  0.2
Conjurations   | |  0.2
Transmutations | |  0.7
Evocations     | |  0.1

Action                   |  1- 3 |  4- 6 |  7- 9 | 10-12 || total
-------------------------+-------+-------+-------+-------++-------
Melee: Unarmed           |    17 |       |       |       ||    17
       Whip              |    30 |    91 |   285 |       ||   406
       Flail             |       |       |   252 |    98 ||   350
       Mace              |       |       |    11 |     7 ||    18
 Cast: Sandblast         |    23 |    31 |   115 |    42 ||   211
 Abil: Evoke Flight      |       |       |     1 |       ||     1
  Use: Scroll            |       |     1 |    14 |       ||    15
       Potion            |       |       |     1 |     2 ||     3
 Stab: Sleeping          |     1 |     3 |     6 |       ||    10
       Distracted        |       |     1 |       |       ||     1
Armor: Robe              |    20 |    24 |     2 |       ||    46
       Leather armour    |       |       |   188 |    73 ||   261
       Ring mail         |       |       |    21 |       ||    21
Dodge: Dodged            |    31 |    50 |   329 |    90 ||   500
Block: Other             |       |     7 |   135 |    49 ||   191
       Reflection        |       |       |     6 |     3 ||     9
